 Dungeon Crawl Stone Soup version 0.31-a0-263-ge8cad7f256 (webtiles) character file.

Game seed: 1221882087547451427

81 cforsyth the Changeling (level 4, -1/66 HPs)
             Began as an Ogre Shapeshifter on July 13, 2023.
             Succumbed to an orc's poison
             ... on level 2 of the Dungeon.
             The game lasted 00:01:45 (1803 turns).

cforsyth the Changeling (Ogre Shapeshifter)         Turns: 1803, Time: 00:01:45

Health: -1/66      AC:  3    Str: 21    XL:     4   Next: 40%
Magic:  4/4        EV: 10    Int:  9    God:
Gold:   103        SH:  0    Dex: 15    Spells: 3/3 levels left

rFire   . .          .
                       - Unarmed
rCold   . . .        (no shield)
rNeg    + . .        a - +0 animal skin
rPois   .            (helmet currently unavailable)
rElec   .            (cloak currently unavailable)
rCorr   .            (gloves unavailable)
SInv    .            (boots unavailable)
Will    .....        g - amulet of magic regeneration Stlth
                     d - +6 ring of dexterity
HPRegen 0.31/turn    m - ring of positive energy
MPRegen 0.49/turn

%: no passive effects
@: berserking, lethally poisoned (-1 -> -27), beast-form, very quick
A: beast (slay +2), large, unfitting armour, tough skin 1
a: Begin Untransformation


You were on level 2 of the Dungeon.
You were a hulking beast.
You visited 1 branch of the dungeon, and saw 3 of its levels.

You collected 103 gold pieces.

Inventory:

Armour
 a - a +0 animal skin (worn)
Jewellery
 d - a +6 ring of dexterity (left hand)
 g - an amulet of magic regeneration (around neck)
 j - a ring of fire
 m - a ring of positive energy (right hand)
 r - a ring of wizardry
Talismans
 c - a beast talisman
 i - a talisman of death
Scrolls
 e - 3 scrolls of amnesia {unknown}
 k - a scroll of fog {unknown}
 n - a scroll of teleportation {unknown}
 o - a scroll of blinking {unknown}
 q - a scroll of revelation {unknown}
 s - a scroll of enchant weapon {unknown}
Potions
 b - a potion of lignification
 h - a potion of haste {unknown}
 l - a potion of might {unknown}
 p - a potion of heal wounds {unknown}


   Skills:
 - Level 2.6 Fighting
 - Level 1.7 Dodging
 + Level 3.1 Unarmed Combat
 + Level 3.8 Shapeshifting


You had 3 spell levels left.
You didn't know any spells.
Your spell library contained the following spells:

 Spells                   Type           Power      Damage    Failure   Level
 Cigotuvi's Dreadful Rot  Necr/Pois/Air  0%         N/A       52%         2
 Ignite Poison            Fire/Tmut/Pois 0%         N/A       77%         3
 Leda's Liquefaction      Hex/Erth       0%         N/A       99%         4
 Freezing Cloud           Conj/Ice/Air   0%         6-21      100%        5
 Lee's Rapid Deconstruct  Erth           0%         3d4*      100%        5
 Leda's Unmaking          Conj/Erth      0%         9d1       100%        6


Dungeon Overview and Level Annotations

Branches:
Dungeon (3/15)

Altars:


Innate Abilities, Weirdness & Mutations

You are a hulking beast.
Your limbs bulge with bestial killing power. (Slay +2)
You are too large for most types of armour.
You have tough skin. (AC +1)


Message History

No target in view!
No target in view!
No target in view!
You start resting.
You start resting.
HP restored.
You climb downwards.
The orc closely misses you.
The orc hits you with a +0 short sword of venom.
You are poisoned.
The orc hits you with a +0 club. The orc completely misses you.
There is a stone staircase leading up here.
You feel very sick. The orc misses you.
The orc hits you with a +0 short sword of venom.
You are more poisoned.
You climb upwards.
You feel very sick.
There is a stone staircase leading down, spattered with blood here.
You hit the orc.
The orc is lightly wounded.
You feel very sick. The orc closely misses you.
The orc hits you with a +0 short sword of venom.
You are lethally poisoned!
You barely miss the orc.
The orc is lightly wounded.
You feel very sick. The orc hits you with a +0 club.
The orc hits you with a +0 short sword of venom.
* * * LOW HITPOINT WARNING * * *
You are more poisoned.
You hit the orc.
You kill the orc!
* * * LOW HITPOINT WARNING * * *
You feel extremely sick.
Unknown command.
It was a potion of berserk rage.
A red film seems to cover your vision as you go berserk!
You feel yourself moving faster!
You feel mighty!
You die...

#...#.##~≈#.#
#..#...####...##
###...#~≈##.# #..#.###
#>#.... ##≈.#≈.##.# #..#.#
#.#..## #≈.#.###.#####..#.#
#.#..#
##≈≈..~≈≈........#.#####.#..#
#..≈#.≈......>........).....#
#.#≈≈.≈.#...#.###.#####.#####
###.##≈≈..###.#)##...####.#
#...###~#.#
#.#h##........###### #.###
#.#.# #.#.o...............
#.# #...#
#.#..########..#####
#.#######.# #.#..# #####..##
#.##≈# #.###.#..# #.......##
#.##≈#
#.....#..####.##.....###
#.#≈≈##
####.....)....[...<.....
#..≈≈.# #.##..###.###.....###
##.≈≈~# #.##.............####


You could see an orc.

Vanquished Creatures
  3 adders (D:2)
  A worm (D:2)
  4 orcs
  6 endoplasms
  7 goblins
  2 hobgoblins
  2 quokkas
  5 ball pythons
  7 bats
  4 frilled lizards
  3 kobolds
44 creatures vanquished.

Notes
Turn   | Place    | Note
-------+----------+-------------------------------------------
     0 | D:1      | cforsyth the Ogre Shapeshifter began the quest for the Orb.
     0 | D:1      | Reached XP level 1. HP: 22/22 MP: 1/1
   151 | D:1      | Reached XP level 2. HP: 17/29 MP: 2/2
   532 | D:1      | Reached XP level 3. HP: 35/36 MP: 3/3
  1211 | D:2      | Reached XP level 4. HP: 43/44 MP: 4/4
  1803 | D:2      | Succumbed to an orc's poison

Illustrated notes

Levels and vault maps discovered:
D:1:      mrwooster_arrival_arrow, layout_basic
D:2:      layout_loops_ring, serial_rivers, chequers_serial_rivers_micro_b,
          chequers_serial_rivers_micro_c, chequers_serial_rivers_room_b,
          chequers_serial_rivers_small_3, chequers_serial_rivers_small_b,
          chequers_serial_rivers_micro_a
D:3:      layout_basic, minmay_quantized

Skill      XL: |  1  2  3 |
---------------+----------+-----
Unarmed Combat | 2 3 |  3.1
Fighting       | |  2.6
Dodging        | |  1.7
Shapeshifting  | |  3.8

Action                     |  1- 3 |  4- 6 || total
---------------------------+-------+-------++-------
  Melee: Unarmed           |   107 |    22 ||   129
         Punch             |     3 |       ||     3
    Use: Potion            |       |     1 ||     1
   Stab: Sleeping          |     2 |     1 ||     3
 Armour: Animal skin       |    39 |     2 ||    41
  Dodge: Dodged            |    55 |    17 ||    72

Table legend: (Time is in decaauts)
 A = Elapsed time spent in this place.
 B = Non-inter-level travel time spent in this place.
 C = Inter-level travel time spent in this place.
 D = Time resting spent in this place.
 E = Time spent auto-exploring this place.
 F = Levels seen in this place.
 G = Mean time per level.
                   A        B        C        D        E       F      G
               +--------+--------+--------+--------+--------+-----+--------+
         Total |   1797 |   1753 |     44 |     72 |   1390 |   3 |  599.0 |
       Dungeon |   1797 |   1753 |     44 |     72 |   1390 |   3 |  599.0 |
               +--------+--------+--------+--------+--------+-----+--------+

Top non-repeatable levels by time:
     D:2: 1045 daAuts
     D:1: 737 daAuts
     D:3: 14 daAuts
